Cogmind - Beta 16.1 @@@ ROGUE MODE // 2026.04.09 @ 00:33:16 Player: zacyquack Result: Destroyed by S-10 Pest with Light Assault Rifle Performance ------------- Evolutions (0) 0 Regions Visited (2) 400 Robots Destroyed (33) 165 Value Destroyed (627) 627 Prototype IDs (0) 0 Alien Tech Used (0) 0 Bonus (0) 0 TOTAL SCORE: 1192 Bonus ------- None Cogmind --------- Core Integrity 0/250 Matter 295/300 Energy 99/100 System Corruption 0% Temperature Cool (0) Movement Core (200) Ox3 Location -10/Mines Parts ------- > --- POWER (1) -------- (None) > --- PROPULSION (2) --- (None) > --- UTILITY (2) ------ Medium Storage Unit Visual Processing Unit > --- WEAPON (2) ------- Light Assault Rifle > --- INVENTORY (10) --- Light Ion Engine Light Cannon Light Cannon Datajack Mining Laser Peak State ------------ > --- POWER ------------ Ion Engine > --- PROPULSION ------- Aluminum Leg Aluminum Leg > --- UTILITY ---------- Medium Storage Unit Visual Processing Unit > --- WEAPON ----------- Light Assault Rifle Light Assault Rifle > --- INVENTORY -------- Small Storage Unit Datajack Mining Laser [Rating: 8] Favorites ----------- Power Ion Engine Engine Ion Engine Propulsion Light Treads Treads Light Treads Leg Aluminum Leg Utility Medium Storage Unit Storage Medium Storage Unit Processor Targeting Computer Weapon Light Assault Rifle Ballistic Gun Light Assault Rifle Special Melee Weapon Datajack Build | -11 -10 -10 ------- Run | Yrd Mat Min Slots Evolved . | . . . Power . | . . . Propulsion . | . . . Utility . | . . . Weapon . | . . . Parts Attached 14 | 6 8 . Power 2 | 1 1 . Engine 2 | 1 1 . Core . | . . . Reactor . | . . . Propulsion 4 | 2 2 . Treads 2 | 2 . . Leg 2 | . 2 . Wheel . | . . . Hover . | . . . Flight . | . . . Utility 4 | 1 3 . Device . | . . . Storage 2 | 1 1 . Processor 2 | . 2 . Hackware . | . . . Protection . | . . . Artifact . | . . . Weapon 4 | 2 2 . Energy Gun . | . . . Energy Cannon . | . . . Ballistic Gun 3 | 2 1 . Ballistic Cannon . | . . . Launcher . | . . . Special Weapon . | . . . Impact Weapon . | . . . Slashing Weapon . | . . . Piercing Weapon . | . . . Special Melee Weapon 1 | . 1 . Unidentified Prototypes . | . . . Parts Lost 9 | . 5 4 Power 2 | . 1 1 Propulsion 4 | . 2 2 Utility 1 | . 1 . Weapon 2 | . 1 1 Highest Loss Streak 4 | . 4 2 To Critical Strikes . | . . . Average Backups 3 | 1 3 5 Power . | . . . Propulsion . | . . . Utility . | . 1 . Weapon 1 | . . 3 Tool/Special . | . . . Unused Backups 6 | . 2 4 Power 1 | . . 1 Propulsion 2 | . 2 . Utility . | . . . Weapon 3 | . . 3 Tool/Special . | . . . Average Slot Usage (%) 93 | . 95 84 Engine 13 | . 13 13 Treads 16 | . 20 . Leg 9 | . 7 20 Storage 14 | . 14 14 Processor 11 | . 11 14 Ballistic Gun 26 | . 27 20 Peak Build Rating 8 | 6 8 8 Average Rating 6 | 5 6 6 On Entrance 4 | . 6 8 Avg Prop Armor Cover (%) . | . . . Naked Turns . | . . . Heaviest Build 17 | 12 17 17 Greatest Support 40 | 40 40 20 Greatest Overweight (x) 3 | . 3 3 Average Overweight (x) . | . . . Largest Inventory Capacity 10 | 8 10 10 Average Capacity 9 | 7 9 10 Most Carried 9 | 5 9 6 Average Carried 3 | 1 3 5 Final Capacity 10 | 8 10 10 Final Carried 5 | 1 5 5 Class Distribution -------------------- 83% | Mutant 16% | Scavenger-Mutant Dominant Class ---------------- Mutant | -10/Materials Mutant | -10/Mines Resources | -11 -10 -10 ----------- Run | Yrd Mat Min Matter Collected 512 | 236 252 24 Remotely . | . . . Salvage Created 860 | . 757 103 Parts 64 | . 55 9 Haulers Intercepted . | . . . Recyclers Shooed 1 | . 1 . Parts Field Recycled . | . . . Retrieved Matter . | . . . Parts Self-Destructed . | . . . Prevented . | . . . Parts Restored . | . . . Kills | -11 -10 -10 ------- Run | Yrd Mat Min Combat Hostiles Destroyed 28 | . 21 7 Guns 28 | . 21 7 Classes Destroyed 6 | . 6 . Builder 1 | . 1 . Recycler 1 | . 1 . Operator 1 | . 1 . Watcher 2 | . 2 . Swarmer 16 | . 9 7 Grunt 12 | . 12 . Best Kill Streak 4 | . 4 3 Combat Bots Only 4 | . 4 2 Max Kills in Single Turn 2 | . 2 1 Gunslinging 1 | . 1 . Exploded . | . . . Melee . | . . . Uniques/NPCs Destroyed . | . . . Combat | -11 -10 -10 -------- Run | Yrd Mat Min Hostile Shots Fired 175 | . 116 59 Missed 41 | . 31 10 Hits 134 | . 85 49 Projectile 134 | . 85 49 Damage Taken 1232 | . 858 374 Core 257 | . 154 103 Absorbed by Shields . | . . . Regen/Repaired (Parts) 62 | . 62 . Core Remaining (%) 100 | 100 . . Volleys Fired 129 | . 94 35 Largest 2 | . 2 2 Hottest 40 | . 40 40 Shots Fired 221 | . 172 49 Gun 221 | . 172 49 Cannon . | . . . Launcher . | . . . Special . | . . . Kinetic 221 | . 172 49 Thermal . | . . . Explosive . | . . . Electromagnetic . | . . . Robot Hit Streak 13 | . 13 2 Robot Miss Streak 5 | . 5 4 Penetration Max . | . . . Secondary Targets 6 | . 5 1 Max Gunslinging Chain 1 | . 1 1 Shots Hit Robots 126 | . 104 22 Core Hits 63 | . 54 9 Critical Kills 1 | . 1 . Critical Parts Destroyed . | . . . Critical Strikes 1 | . 1 . Destroy 1 | . 1 . Melee Attacks . | . . . Impact . | . . . Slashing . | . . . Piercing . | . . . Sneak Attacks . | . . . Combat Hostiles . | . . . Follow-up Attacks . | . . . Damage Inflicted 1122 | . 920 202 Guns 1117 | . 915 202 Cannons . | . . . Explosions . | . . . Melee . | . . . Ramming 5 | . 5 . Kinetic 1117 | . 915 202 Thermal . | . . . Explosive . | . . . Electromagnetic . | . . . Impact . | . . . Slashing . | . . . Piercing . | . . . Highest Corruption . | . . . Average Corruption . | . . . Corruption Purged . | . . . Corruption Blocked . | . . . Overload Shots . | . . . Overflow Damage . | . . . Projectiles . | . . . Explosions . | . . . Melee . | . . . Knockbacks . | . . . Impact . | . . . Kinetic . | . . . Secondary . | . . . Self-Inflicted Damage . | . . . Shots . | . . . Rammed 2 | . 2 . Targets Rammed 3 | . 3 . Kicked 1 | . 1 . Crushed . | . . . Highest Temperature 28 | . 28 . Average Temperature 9 | . 9 . Received Heat Transfer 276 | . 276 . Siege Activations . | . . . Martial Activations . | . . . Shielding Activations . | . . . Robots Disrupted . | . . . Combat Hostiles . | . . . Robots Corrupted . | . . . Combat Hostiles . | . . . Parts Fried . | . . . Impact Corruptions . | . . . Robots Melted . | . . . Combat Hostiles . | . . . Parts Melted . | . . . Heat Transferred . | . . . Parts Sabotaged . | . . . Parts Stolen . | . . . Parts Stripped . | . . . Power Chain Reactions . | . . . Alert | -11 -10 -10 ------- Run | Yrd Mat Min Maximum Alert Level . | . . . Low Security (%) 100 | 100 100 100 Level 1 . | . . . Level 2 . | . . . Level 3 . | . . . Level 4 . | . . . Level 5 . | . . . High Security . | . . . Max Security . | . . . Peak Influence 78 | . 78 69 Initial 19 | . . 19 Average 26 | . 27 31 Influence Increases 728 | . 568 160 Destroy 0b10 Robot/C 560 | . 420 140 Destroy 0b10 Robot/NC 25 | . 25 . Destroy Leader 114 | . 94 20 Successful Hack 14 | . 14 . Lose Combat Pursuer 15 | . 15 . Influence Decreases 718 | . 517 201 Entered New Map 32 | . . 32 Time Decay 538 | . 409 129 Lost Part 90 | . 50 40 Purge Threat 58 | . 58 . Squads Dispatched 6 | . 6 . Investigation 5 | . 5 . Extermination . | . . . Reinforcement 1 | . 1 . Assault . | . . . Garrison . | . . . Intercept . | . . . Searches Triggered . | . . . Construction Impeded . | . . . Haulers Reinforced . | . . . Active Scanning Responses . | . . . Cargo Convoy Interrupts . | . . . Stealth | -11 -10 -10 --------- Run | Yrd Mat Min Distress Signals 2 | . 2 . Communications Jammed . | . . . Distress Signals . | . . . Times Spotted 44 | . 36 8 Peak Tracking Total 4 | . 4 3 Tactical Retreats 1 | . 1 . Traps | -11 -10 -10 ------- Run | Yrd Mat Min Traps Triggered 2 | . 2 . Indirectly . | . . . Trap Hack Attempts . | . . . Triggered . | . . . Disarmed . | . . . Reprogrammed . | . . . Reused . | . . . Traps Extracted . | . . . Installed . | . . . Triggered . | . . . Machines | -11 -10 -10 ---------- Run | Yrd Mat Min Machines Disabled . | . . . Max in Single Turn . | . . . Machines Repaired . | . . . Machines Dismantled . | . . . Machines Sabotaged . | . . . Overloaded Fab Kills . | . . . Hacking | -11 -10 -10 --------- Run | Yrd Mat Min Machines Accessed 9 | . 9 . Terminals 6 | . 6 . Fabricators . | . . . Repair Stations 1 | . 1 . Recycling Units 2 | . 2 . Scanalyzers . | . . . Garrison Access . | . . . Total Hacks 25 | . 25 . Successful 8 | . 8 . Failed 17 | . 17 . Catastrophic 5 | . 5 . Database Lockouts . | . . . Manual 15 | . 15 . Terminals 19 | . 19 . Fabricators . | . . . Repair Stations 3 | . 3 . Recycling Units 3 | . 3 . Scanalyzers . | . . . Garrison Access . | . . . Terminal Hacks 3 | . 3 . Unreport Threat 2 | . 2 . Zone Layout 1 | . 1 . Fabricator Hacks . | . . . Repair Station Hacks 2 | . 2 . Scan Component 1 | . 1 . Repair 1 | . 1 . Recycling Unit Hacks 3 | . 3 . Report Inventory 2 | . 2 . Retrieve Components 1 | . 1 . Scanalyzer . | . . . Garrison Access Hacks . | . . . Unauthorized Hacks . | . . . Terminals . | . . . Fabricators . | . . . Repair Stations . | . . . Recycling Units . | . . . Scanalyzers . | . . . Garrison Access . | . . . Data Cores Recovered . | . . . Used . | . . . Hacking Detections 7 | . 7 . Full Trace Events 5 | . 5 . Feedback Events . | . . . Feedback Blocked . | . . . Robot Schematics Acquired . | . . . Robots Built . | . . . Authchips . | . . . Time . | . . . Total Robot Build Rating . | . . . Part Schematics Acquired . | . . . Parts Built . | . . . Authchips . | . . . Time . | . . . Total Part Build Rating . | . . . Part Studies Acquired . | . . . Parts Repaired 1 | . 1 . Time 13 | . 13 . Parts Recycled . | . . . Recycled Matter . | . . . Retrieved Matter . | . . . Retrieved Components 3 | . 3 . Parts Scanalyzed . | . . . Part Schematics Acquired . | . . . Parts Damaged . | . . . Bothacking | -11 -10 -10 ------------ Run | Yrd Mat Min Used RIF Installer . | . . . Robots Hacked . | . . . Non-combat . | . . . Combat . | . . . Robot Hacks Applied . | . . . Relay Couplers Released . | . . . Fabnet Peak Effective % . | . . . Robots Rewired . | . . . Allies Hacked . | . . . Hacks Repelled . | . . . Allies | -11 -10 -10 -------- Run | Yrd Mat Min Total Allies . | . . . Largest Group . | . . . Highest-Rated Group . | . . . Highest-Rated Ally . | . . . Total Orders . | . . . Ally Attacks . | . . . Total Damage . | . . . Kills . | . . . Allies Corrupted . | . . . Allies Melted . | . . . Intel | -11 -10 -10 ------- Run | Yrd Mat Min Active Infowar (turns) 555 | . 259 296 Optics 555 | . 259 296 Robot Analysis Total . | . . . Derelict Logs Recovered . | . . . Drone Launches . | . . . Drone Recoveries . | . . . Exploration | -11 -10 -10 ------------- Run | Yrd Mat Min Turns Passed 1705 | 120 1289 296 Spaces Moved 912 | 77 688 147 Core 23 | 14 8 1 Treads 519 | 63 456 . Legs 370 | . 224 146 Wheels . | . . . Hover . | . . . Flight . | . . . Fastest Speed 50 | 50 120 120 Average Speed 147 | 140 147 150 Slowest Speed 200 | 160 200 200 Overloaded Moves . | . . . Propulsion Burnouts . | . . . Robots Hopped . | . . . Potential Cave-ins . | . . . Cave-ins Triggered . | . . . Exploration Rate (%) 39 | 5 82 31 Regions Visited 2 Branch Regions 1 Pre-discovered Areas . | . . . Known Exits Taken . | . . . Unknown Exits Taken 2 | 1 1 . Scrap Searched . | . . . Spaces Dug . | . . . Terrain Destroyed . | . . . Melee . | . . . Projectile . | . . . AOE . | . . . Terrain Rammed . | . . . Walls Destroyed . | . . . Machines Disabled . | . . . Actions | -11 -10 -10 --------- Run | Yrd Mat Min Total 1097 | 89 824 184 Wait 15 | . 15 . Move 910 | 76 687 147 Hop . | . . . Pick Up 21 | 7 13 1 Fast Attach . | . . . Attach 14 | 6 8 . Detach 1 | . 1 . Swap 1 | . 1 . Drop 3 | . 2 1 Fire 129 | . 94 35 Melee . | . . . Ram . | . . . Kick 1 | . 1 . Crush 2 | . 2 . Escape Stasis . | . . . Rewire . | . . . Trap . | . . . Miscellaneous . | . . . Route ------- -11/Scrapyard -10/Materials (discovered 4 exits: [*Mat x2] / [*Min x2]) -10/Mines History --------- Turn | Location | Event 4 | -11/Scrapyard | Discovered new exit (range 15) 121 | -11/Scrapyard | Entered Materials 302 | -10/Materials | Build established: Mutant 533 | -10/Materials | Discovered new exit (range 16) 696 | -10/Materials | Discovered new exit (range 9) 876 | -10/Materials | Repaired Lgt. Assault Rifle 911 | -10/Materials | Discovered new exit (range 5) 1082 | -10/Materials | Lost 4 parts (1p2n1u) 1140 | -10/Materials | Core integrity fell below 50% 1270 | -10/Materials | Discovered new exit (range 17) 1410 | -10/Materials | Entered Mines 1680 | -10/Mines | Core integrity fell below 20% 1706 | -10/Mines | Destroyed by S-10 Pest with Light Assault Rifle Last Messages --------------- 01406_ Acquired 2 matter. 01408_ K-01 Serf cleans the Machine. LOCATION=UNKNOWN GOAL=ESCAPE 01410_ S-10 Pest destroyed. 01426_ Acquired 10 matter. 01431_ Acquired Lgt. Ion Engine. 01436_ Dropped Sml. Storage Unit. 01530_ S-10 Pest destroyed. 01533_ Switching to secondary target: S-10 Pest. 01535_ Acquired 10 matter. 01537_ Acquired 1 matter. 01546_ Lgt. Assault Rifle destroyed. 01555_ Aluminum Leg destroyed. 01557_ S-10 Pest destroyed. 01563_ Acquired 3 matter. 01682_ S-10 Pest destroyed. 01690_ Aluminum Leg destroyed. 01695_ Ion Engine destroyed. 01700_ R-06 Scavenger collects Flight Unit. Map ----- +----------------------------------------------------+ | ??????????????????????????????????????????? ""???? | | ??????????????????????????????????????????? ""???? | | ??????????????????????????????????????????? ???? | | ??????????????????????????????????????????? ???? | | ??????????????????????????????????????????? ???? | | ??????????????????????????????????????????? ???? | | ??????????????????????????????????????????? ???? | | ??????????????????????????????????????????? #???? | | ?????????????????????????? ????????????????# #???? | | ?????????????????????????# ????????????????# #???? | | ????????????????????????? ????????????????# #???? | | ????????????????????????# #???????????????# ##### | | ????????????????????????#$ #???????????????# | | ????????????????????????# #?????########### ##### | | ???????????????????????## #?????# #???? | | ??????????????????????? ?????# ###########???? | | ??????????????????????? ?????# #?????????????? | | ???????????????????????? ?????# #?????????????? | | ???????????????????????? #?????# #?????????????? | | ???????????????????????? #?????# #?????????????? | | ????????????????????????#s #?????# #?????????????? | | ????????????????????????#%[#???### #?????????????? | | ????????????????????????#=%#???# #?????????????? | | ????????????????????????# r#???# ###?????????????? | | ????????????????????????# ##### #??????????????## | | ????????????????????????#@ #??????????????# | | ????????????????????????# #######??????????????# | | ????????????????????????# #?????????????????????? | | ????????????????????????# #?????????????????????? | | ???????????????????????? #?????????????????????? | | ??????????????????????? #?????????????????????? | | ?????????????????????? #?????????????????????? | | ????????????????????? #?????????????????????? | | ????????????????????## ##?????????????????????? | | ?????????????????????## ###??????????????????????? | | ??????????????????????# ?????????????????????????? | | ?????????????????????? ?????????????????????????# | | ??????????????????????# ????????????????????????## | | ??????????????????????#??????????????????#????### | | ?????????????????????????????????????????# ?### | | ???????????????????????????????????####### ## | | ?????????????????????????????????# | | ????????????????????????????????????######## | | ???????????????????????????????????????????## | | ????????????????????????????????????????????## # | | ?????????????????????????????????????????????## ## | | ?????????????????????????????????????????????## ## | | ?????????????????????????????????????????????# | | ?????????????????????????????????????????????# ## | | ?????????????????????????????????????????????# #? | +----------------------------------------------------+ Best States ------------- Heat Dissipation 25 Energy Generation 10 Energy Capacity 250 Matter Stores 300 Matter Capacity 300 Sight Range 18 Terrain Scan Density 10 Evasion (%) 55 Targeting Accuracy 5 Recoil Reduction 2 Item Schematics ----------------- None Robot Schematics ------------------ None Fabricated ------------ Nothing Repaired ---------- Lgt. Assault Rifle | 22% | -10/Materials Studied --------- None Alien Tech Used ----------------- None Achievements -------------- None Challenges ------------ None Game ------ Seed PrecisionScrapProcessor Manual? 0 Play Time 00:18:03 Cumulative 10.9 hours Start 2026.04.09 @ 00:15:45 End 2026.04.09 @ 00:33:16 Sessions 1 Manual Loads 0 Difficulty Rogue Special Mode None Game No. 17 Rogue 17 Adventurer 0 Explorer 0 Win Type - Total 0 Types 0/0/0/0/0/0/0/0/0/0 Lore% 10 Gallery% 13 Achievement% 13 Wizard Run 0 Options --------- Layout 1 ASCII 0 Keyboard 0 Movement Arrows Keybinds 0 Fullscreen 1 Font 32/SmallcapsGlow Map View 50x35 Zoom Use 0% Tactical HUD 1 Map Filters NONE Filters NONE Steam 1 RUN: fc88186a-7e0c-4e56-a1d7-5fadcc3e9c14